 Dungeon Crawl Stone Soup version 0.28.0-43-g3370ac3207 (webtiles) character file.

Game seed: 5952151682822879274

1546 Ablot the Grasshopper (level 8, 0/64 HPs)
             Began as a Gnoll Warper on Mar 23, 2022.
             Slain by Grinder (2 damage)
             ... on level 6 of the Dungeon.
             The game lasted 00:09:56 (6560 turns).

Ablot the Grasshopper (Gnoll Warper)                Turns: 6560, Time: 00:09:57

Health: 0/64       AC:  6    Str: 13    XL:     8   Next: 87%
Magic:  15/17      EV: 14    Int: 12    God:
Gold:   360        SH:  0    Dex: 12    Spells: 17/19 levels left

rFire   + . .      SeeInvis .   o - +2 whip (venom)
rCold   . . .      Faith    .   (no shield)
rNeg    . . .      Spirit   .   D - +2 robe {rF+}
rPois   .          Reflect  .   p - +0 helmet
rElec   .          Harm     .   f - scarf {repulsion}
rCorr   .          Rampage  .   (no gloves)
Will    .....                   r - +0 pair of boots
Stlth   ++........              (no amulet)
HPRegen 0.20/turn               (no ring)
MPRegen 0.15/turn               (no ring)

@: repel missiles
A: fangs 1, strong nose, distributed training
a: no special abilities


You were on level 6 of the Dungeon.
You visited 1 branch of the dungeon, and saw 6 of its levels.

You collected 360 gold pieces.

Inventory:

Hand Weapons
 a - a +0 spear
 e - a +3 long sword
 o - a +2 whip of venom (weapon)
Missiles
 d - 5 boomerangs of dispersal
 g - 67 arrows
 j - 245 stones
 y - 3 curare-tipped darts
 C - a poisoned dart (quivered)
Armour
 b - the +0 robe "Cuxka" {rPois Int+2}
   (You found it on level 4 of the Dungeon)

   Int:       It affects your intelligence (+2).
   rPois:     It protects you from poison.
 f - a scarf of repulsion (worn)
 l - the +3 leather armour of the Vestibule of Hell {-Cast Fly Will+}
   (You found it on level 2 of the Dungeon)

   Fly:       It grants you flight.
   -Cast:     It prevents spellcasting.
   Will:      It increases your willpower.
 p - a +0 helmet (worn)
 r - a +0 pair of boots (worn)
 D - a +2 robe of fire resistance (worn)
Magical Staves
 v - a staff of cold
Wands
 x - a wand of digging (6)
Scrolls
 c - 2 scrolls of blinking
 i - 8 scrolls of identify {unknown}
 k - 3 scrolls of vulnerability {unknown}
 w - a scroll of fear {unknown}
Potions
 h - a potion of degeneration {unknown}
 m - a potion of brilliance {unknown}
 n - a potion of berserk rage {unknown}
 q - 2 potions of curing {unknown}
 s - a potion of flight {unknown}
 t - a potion of mutation {unknown}
 u - 3 potions of might {unknown}
 z - a potion of heal wounds {unknown}
 A - a potion of lignification {unknown}
 B - a potion of haste {unknown}


   Skills:
 + Level 5.9 Fighting
 + Level 3.6 Short Blades
 + Level 3.6 Long Blades
 + Level 3.6 Axes
 + Level 3.6 Maces & Flails
 + Level 5.9 Polearms
 + Level 3.6 Staves
 + Level 3.6 Slings
 + Level 3.6 Bows
 + Level 3.6 Crossbows
 + Level 4.5 Throwing
 + Level 4.5 Armour
 + Level 5.9 Dodging
 + Level 3.6 Stealth
 + Level 3.6 Shields
 + Level 3.6 Unarmed Combat
 + Level 6.2 Spellcasting
 + Level 3.0 Conjurations
 + Level 3.0 Hexes
 + Level 3.0 Summonings
 + Level 3.0 Necromancy
 + Level 6.3 Translocations
 + Level 3.0 Transmutations
 + Level 3.0 Fire Magic
 + Level 3.0 Ice Magic
 + Level 3.0 Air Magic
 + Level 3.0 Earth Magic
 + Level 3.0 Poison Magic
 + Level 4.0 Invocations
 + Level 3.6 Evocations


You had 17 spell levels left.
You knew the following spells:

 Your Spells              Type           Power      Damage    Failure   Level
a - Blink                 Tloc           36%        N/A       1%          2

Your spell library contained the following spells:

 Spells                   Type           Power      Damage    Failure   Level
 Gell's Gravitas          Tloc           18%        N/A       4%          3
 Lesser Beckoning         Tloc           18%        N/A       4%          3
 Teleport Other           Tloc           18%        N/A       4%          3
 Manifold Assault         Tloc           18%        N/A       36%         5


Dungeon Overview and Level Annotations

Branches:
Dungeon (6/15)
 Temple: D:4-7

Altars:
Cheibriados
Gozag

Shops:
D:1 *

Annotations:
D:6 Grinder


Innate Abilities, Weirdness & Mutations

You have very sharp teeth.
Your uncanny sense of smell can sniff out nearby items.
Your experience applies equally to all skills.


Message History

Your Transmutations skill increases to level 3!
Your Fire Magic skill increases to level 3!
Your Ice Magic skill increases to level 3!
Your Air Magic skill increases to level 3!
Your Earth Magic skill increases to level 3!
Your Poison Magic skill increases to level 3!
Your Invocations skill increases to level 4!
Unknown command.
Throw: 5 darts (curare)
Press: ? - help, Q - select action, (/) - cycle Shift-Dir - straight line, f/p - Grinder
Aim: Grinder (lightly wounded, 58% to hit)
You throw a curare-tipped dart.
The curare-tipped dart closely misses Grinder.
Unknown command.
Throw: 4 darts (curare)
Press: ? - help, Q - select action, (/) - cycle Shift-Dir - straight line, f/p - Grinder
Aim: Grinder (lightly wounded, 58% to hit)
You throw a curare-tipped dart. The curare-tipped dart hits Grinder.
Grinder is lightly wounded.
Unknown command.
Throw: 3 darts (poison)
Press: ? - help, Q - select action, (/) - cycle Shift-Dir - straight line, f/p - Grinder
Aim: Grinder (lightly wounded, 58% to hit)
You throw a poisoned dart. The poisoned dart hits Grinder!
Grinder is poisoned.
Grinder is lightly wounded.
Grinder hits you but does no damage.
Throw: 2 darts (poison)
Press: ? - help, Q - select action, (/) - cycle Shift-Dir - straight line, f/p - Grinder
Aim: Grinder (lightly wounded, very poisoned, 58% to hit)
You throw a poisoned dart.
The poisoned dart barely misses Grinder.
You feel stable enough to blink again. Grinder gestures at you.
You resist with some effort.
You hit Grinder but do no damage.
Grinder is lightly wounded.
Grinder hits you.
* * * LOW HITPOINT WARNING * * *
You writhe in agony.
You die...

#.#..............#
...+.(.....)....(.#
##+#..............#
.......<#####†.##
.........# ##..#####
..........####....†..#
.<...........+..(....#
.......#####..5....#
.###### #..@....#
#.......# ∆ #.......#
#.......# #######.# .#
#


You could see Grinder (very poisoned).

Vanquished Creatures
  A kobold demonologist (D:5)
  Eustachio (D:6)
  A sky beast (D:6)
  2 black bears (D:6)
  An orc warrior (D:6)
  An ogre (D:5)
  A centaur (D:5)
  Blork the orc (D:6)
  A scorpion (D:5)
  A wyvern skeleton (D:5)
  A howler monkey (D:6)
  2 hounds (D:5)
  A gnoll shaman (D:3)
  Terence (D:3)
  An orc wizard (D:6)
  A hound skeleton (D:5)
  12 gnolls
  4 adders
  An ufetubus (D:6)
  An adder skeleton (D:4)
  A worm (D:2)
  2 dart slugs (D:3)
  6 orcs
  9 bats
  4 endoplasms
  2 giant cockroaches
  4 goblins
  8 hobgoblins
  4 jackals
  7 kobolds
  3 quokkas
  7 ball pythons
  7 frilled lizards
  6 rats
106 creatures vanquished.

Notes
Turn   | Place    | Note
-------+----------+-------------------------------------------
     0 | D:1      | Ablot the Gnoll Warper began the quest for the Orb.
     0 | D:1      | Reached XP level 1. HP: 20/20 MP: 6/6
   170 | D:1      | Found Fiosuku's General Store.
   170 | D:1      | Found a faded altar of an unknown god.
   179 | D:1      | Reached XP level 2. HP: 24/26 MP: 7/7
   500 | D:1      | Reached XP level 3. HP: 29/31 MP: 9/9
   503 | D:1      | Learned a level 2 spell: Blink
   608 | D:2      | Reached skill level 5 in Spellcasting
   790 | D:2      | Reached skill level 1 in Invocations
  1063 | D:2      | Reached skill level 1 in Short Blades
  1063 | D:2      | Reached skill level 1 in Long Blades
  1063 | D:2      | Reached skill level 1 in Axes
  1063 | D:2      | Reached skill level 1 in Maces & Flails
  1063 | D:2      | Reached skill level 1 in Staves
  1063 | D:2      | Reached skill level 1 in Slings
  1063 | D:2      | Reached skill level 1 in Bows
  1063 | D:2      | Reached skill level 1 in Crossbows
  1063 | D:2      | Reached skill level 1 in Stealth
  1063 | D:2      | Reached skill level 1 in Shields
  1063 | D:2      | Reached skill level 1 in Unarmed Combat
  1063 | D:2      | Reached skill level 1 in Evocations
  1082 | D:2      | Identified the +3 leather armour of the Vestibule of Hell
                  | {-Cast Fly Will+}
  1453 | D:3      | Reached XP level 4. HP: 38/38 MP: 11/11
  1982 | D:3      | Reached skill level 1 in Conjurations
  1982 | D:3      | Reached skill level 1 in Hexes
  1982 | D:3      | Reached skill level 1 in Summonings
  1982 | D:3      | Reached skill level 1 in Necromancy
  1982 | D:3      | Reached skill level 1 in Transmutations
  1982 | D:3      | Reached skill level 1 in Fire Magic
  1982 | D:3      | Reached skill level 1 in Ice Magic
  1982 | D:3      | Reached skill level 1 in Air Magic
  1982 | D:3      | Reached skill level 1 in Earth Magic
  1982 | D:3      | Reached skill level 1 in Poison Magic
  2098 | D:3      | Reached XP level 5. HP: 36/43 MP: 12/12
  2369 | D:3      | Noticed Terence
  2381 | D:3      | Killed Terence
  2711 | D:4      | Found an opulent altar of Gozag.
  2711 | D:4      | Found a snail-covered altar of Cheibriados.
  2950 | D:4      | Identified the +0 robe "Cuxka" {rPois Int+2}
  3493 | D:4      | Reached XP level 6. HP: 25/50 MP: 13/13
  4105 | D:5      | Entered Level 5 of the Dungeon
  4158 | D:5      | Reached skill level 5 in Fighting
  4158 | D:5      | Reached skill level 5 in Polearms
  4158 | D:5      | Reached skill level 5 in Dodging
  4507 | D:5      | Reached XP level 7. HP: 48/56 MP: 15/15
  5063 | D:5      | Noticed a kobold demonologist
  5079 | D:5      | Killed a kobold demonologist
  5080 | D:5      | Reached XP level 8. HP: 52/63 MP: 16/16
  5930 | D:6      | Noticed Blork the orc
  5942 | D:6      | Killed Blork the orc
  6042 | D:6      | Noticed Eustachio
  6095 | D:6      | Killed Eustachio
  6518 | D:6      | Noticed Grinder
  6560 | D:6      | HP: 2/64 [Grinder (6)]
  6560 | D:6      | Slain by Grinder

Illustrated notes

Levels and vault maps discovered:
D:1:      noname_arrival_rooms_in_the_neighbourhood, layout_rooms, serial_shops,
          shop_statue, ebering_ecumenical_altar_webs, serial_bayou_pond_d
D:2:      wander_river, layout_loops_ring
D:3:      layout_rooms, minmay_fractal_squares_diagonal_5, uniq_terence
D:4:      layout_gridville, gammafunk_temple_overflow_elements
D:5:      layout_gridville
D:6:      layout_basic, minmay_temple_entry_ruins, feat_on_display,
          uniq_grinder, uniq_blork_the_orc, uniq_eustachio

Skill      XL: |  1  2  3  4  5  6  7  8 |
---------------+-------------------------+-----
Spellcasting   | 5 6 |  6.2
Invocations    | 1 2 3 4 |  4.0
Short Blades   | 1 2 3 |  3.6
Long Blades    | 1 2 3 |  3.6
Axes           | 1 2 3 |  3.6
Maces & Flails | 1 2 3 |  3.6
Staves         | 1 2 3 |  3.6
Slings         | 1 2 3 |  3.6
Bows           | 1 2 3 |  3.6
Crossbows      | 1 2 3 |  3.6
Stealth        | 1 2 3 |  3.6
Shields        | 1 2 3 |  3.6
Unarmed Combat | 1 2 3 |  3.6
Evocations     | 1 2 3 |  3.6
Conjurations   | 1 2 3 |  3.0
Hexes          | 1 2 3 |  3.0
Summonings     | 1 2 3 |  3.0
Necromancy     | 1 2 3 |  3.0
Transmutations | 1 2 3 |  3.0
Fire Magic     | 1 2 3 |  3.0
Ice Magic      | 1 2 3 |  3.0
Air Magic      | 1 2 3 |  3.0
Earth Magic    | 1 2 3 |  3.0
Poison Magic   | 1 2 3 |  3.0
Throwing       | 3 4 |  4.5
Armour         | 3 4 |  4.5
Fighting       | 5 |  5.9
Polearms       | 5 |  5.9
Dodging        | 5 |  5.9
Translocations | 6 |  6.3

Action                   |  1- 3 |  4- 6 |  7- 9 || total
-------------------------+-------+-------+-------++-------
Melee: Spear             |    41 |       |       ||    41
       Bite              |     6 |    19 |    21 ||    46
       Punch             |     2 |     2 |     4 ||     8
       Short sword       |    72 |     7 |       ||    79
       Whip              |       |   142 |   113 ||   255
       Long sword        |       |       |    22 ||    22
Throw: Dart              |       |     5 |    21 ||    26
       Stone             |       |       |     5 ||     5
 Cast: Blink             |       |       |     4 ||     4
 Stab: Sleeping          |       |     1 |     1 ||     2
Armor: Leather armour    |    21 |    13 |       ||    34
       Robe              |       |     8 |    41 ||    49
Dodge: Dodged            |    84 |   124 |   146 ||   354
